Map: Inside and Out

Players

A.I. 1 (Very Easy) - Winner!

  • Race: Zerg Zerg
  • Spawn Location: 7:00

flashandfoul

  • Race: Protoss Protoss
  • League: Diamond
  • Spawn Location: 1:00

VOD

Have the link to the VOD?

Description

Time

  • Played on: Dec. 15, 2022, 5:41 p.m.
  • Length: 8:01
Show
View Real Time Build Order
Export as new Build Order

A.I. 1 (Very Easy) Zerg - Winner!

Build Orders: Pool First 

Get SALT Encoding   

  12  0:01  Drone  
  13  0:12  Overlord  
  13  0:16  Drone  
  14  0:35  Spawning Pool  
  13  0:36  Drone  
  13  0:41  Extractor  
  13  0:44  Drone  
  14  0:51  Overlord  
  14  1:21  Queen  
  14  1:22  Zergling x2  
  17  1:29  Roach Warren  
  17  1:31  Drone  
  17  1:35  Extractor  
  17  1:39  Drone  
  17  1:42  Zergling x2  
  18  1:54  Drone  
  19  2:02  Zergling x2  
  19  2:05  Drone  
  21  2:16  Drone  
  22  2:28  Overlord, Drone  
  23  2:35  Drone  
  24  2:42  Drone  
  25  5:58  Roach  
  25  5:59  Overlord, Lair, Drone  
  28  6:06  Drone  
  29  6:13  Drone  
  30  6:20  Drone  
  31  6:28  Drone  
  31  6:35  Drone  
  31  6:41  Roach  
  32  6:56  Overseer x2  
  32  7:09  Hatchery  
  31  7:23  Roach  
Show
View Real Time Build Order
Export as new Build Order

flashandfoul Protoss 

Build Orders: 1 Gate Expand, Archon Immortal, Dark Templar Rush 

Get SALT Encoding   

  12  0:00  Probe  
  13  0:12  Probe  
  14  0:18  Pylon  
  14  0:24  Probe  
  15  0:36  Probe (Chrono Boost)  
  15  0:38  Gateway  
  16  0:46  Probe (Chrono Boost)  
  16  0:47  Assimilator  
  17  0:51  Probe (Chrono Boost)  
  18  1:03  Probe  
  19  1:15  Probe  
  20  1:25  Nexus  
  20  1:33  Cybernetics Core  
  20  1:37  Probe  
  21  1:42  Assimilator  
  21  1:49  Probe  
  21  1:51  Pylon  
  22  2:01  Probe  
  23  2:07  Adept (Chrono Boost)  
  23  2:13  Twilight Council, Probe  
  26  2:20  Warp Gate  
  26  2:25  Probe (Chrono Boost)  
  27  2:30  Stalker  
  27  2:37  Probe (Chrono Boost)  
  30  2:43  Probe (Chrono Boost)  
  31  2:46  Probe (Chrono Boost)  
  31  2:50  Probe (Chrono Boost)  
  31  2:51  Probe (Chrono Boost)  
  33  2:52  Robotics Facility  
  34  3:01  Probe (Chrono Boost)  
  36  3:09  Probe (Chrono Boost)  
  36  3:11  Pylon, Probe (Chrono Boost)  
  37  3:16  Probe (Chrono Boost)  
  37  3:17  Probe (Chrono Boost)  
  39  3:20  Dark Shrine  
  40  3:27  Probe (Chrono Boost)  
  40  3:32  Gateway  
  40  3:33  Probe (Chrono Boost)  
  41  3:35  Probe (Chrono Boost)  
  41  3:40  Probe  
  43  3:41  Probe  
  43  3:42  Gateway  
  43  3:44  Gateway  
  44  3:49  Warp Prism  
  44  3:52  Probe  
  47  3:56  Probe  
  47  3:57  Assimilator  
  48  4:04  Probe  
  48  4:09  Probe  
  50  4:12  Nexus  
  50  4:16  Pylon  
  50  4:17  Probe  
  50  4:20  Pylon  
  50  4:22  Probe  
  52  4:27  Assimilator  
  52  4:29  Probe  
  53  4:32  Forge  
  53  4:34  Probe  
  54  4:41  Probe  
  55  4:49  Dark Templar x4  
  55  4:52  Observer  
  64  4:53  Charge  
  64  4:54  Probe x2  
  66  5:00  Pylon  
  66  5:06  Probe x2  
  68  5:08  Protoss Ground Weapons Level 1 (Chrono Boost)  
  68  5:10  Pylon  
  68  5:17  Immortal (Chrono Boost)  
  68  5:18  Probe x2  
  74  5:26  Probe  
  75  5:30  Probe x2  
  77  5:38  Probe (Chrono Boost)  
  77  5:40  Gateway  
  79  5:47  Probe x2 (Chrono Boost)  
  79  5:49  Immortal  
  85  5:50  Probe (Chrono Boost)  
  85  5:51  Gateway  
  85  5:56  Gateway, Probe (Chrono Boost)  
  88  5:57  Probe x2 (Chrono Boost)  
  88  6:01  Assimilator  
  88  6:05  Assimilator  
  88  6:07  Probe x2  
  88  6:10  Gateway  
  90  6:13  Gateway  
  90  6:15  Gateway  
  90  6:16  Probe  
  91  6:19  Probe  
  91  6:21  Pylon  
  91  6:23  Pylon  
  91  6:25  Pylon x2  
  92  6:28  Probe  
  92  6:29  Immortal (Chrono Boost)  
  97  6:33  Zealot x2  
  99  6:42  Zealot x3, Templar Archives  
  105  6:52  Pylon  
  105  6:53  Zealot x3  
  105  6:54  Pylon  
  111  7:04  Immortal (Chrono Boost)  
  115  7:10  Zealot x4  
  115  7:15  Zealot x2  
  127  7:18  High Templar  
  127  7:19  High Templar x3  
  135  7:25  Pylon x2  
  135  7:27  Pylon  
  135  7:36  Archon x2  
  139  7:39  High Templar x3  
  139  7:40  Archon x2  
  139  7:42  Zealot x3  
  151  7:44  Archon  
  151  7:53  High Templar x2  
  151  7:55  Zealot x2  
Tags
 
Add a new tag
Caveats
  • Supply blocks, unpowered buildings, or Contaminate may cause inaccurate times.
  • Supply counts are checked every 10 seconds.